 Dungeon Crawl Stone Soup version 0.31-a0-182-gc5ef74bbde (webtiles) character file.

Game seed: 12950137517977236988

161 Hajna the Trooper (level 5, -15/47 HPs)
             Began as a Hill Orc Monk on June 21, 2023.
             Demolished by an ogre
             ... wielding a +0 giant club
              (20 damage)
             ... on level 4 of the Dungeon.
             The game lasted 00:10:55 (3386 turns).

Hajna the Trooper (Hill Orc Monk)                   Turns: 3386, Time: 00:10:55

Health: -15/47     AC: 11    Str: 22    XL:     5   Next: 42%
Magic:  5/5        EV:  7    Int: 10    God:
Gold:   199        SH:  0    Dex: 19    Spells: 3/5 levels left

rFire   + . .        a - +0 hand axe
rCold   + . .        x - orb {*channel}
rNeg    . . .        m - +0 plate armour
rPois   .            (no helmet)
rElec   .            j - scarf {rC+ rF+}
rCorr   .            (no gloves)
SInv    .            w - +0 pair of boots
Will    .....        (no amulet) Stlth
                     h - +6 ring of dexterity
HPRegen 0.27/turn    r - +6 ring of strength
MPRegen 0.09/turn

%: channel magic (20%)
@: no status effects
A: no striking features
a: no special abilities


You were on level 4 of the Dungeon.
You visited 1 branch of the dungeon, and saw 4 of its levels.

You collected 235 gold pieces.
You spent 36 gold pieces at shops.

Inventory:

Hand Weapons
 a - a +0 hand axe (weapon)
Missiles
 v - 7 boomerangs
Armour
 b - a +0 robe
 d - an orb of light
 j - a scarf of resistance (worn)
 m - a +0 plate armour (worn)
 p - a +0 cloak
 w - a +0 pair of boots (worn)
 x - an orb of energy (worn)
Jewellery
 h - a +6 ring of dexterity (left hand)
 r - a +6 ring of strength (right hand)
 B - a ring of protection from fire
Scrolls
 e - a scroll of teleportation
 g - a scroll of poison
 i - 3 scrolls of identify {unknown}
 l - a scroll of noise {unknown}
 n - a scroll of torment {unknown}
 o - 2 scrolls of enchant weapon {unknown}
 s - 2 scrolls of revelation
 u - a scroll of fog {unknown}
 y - a scroll of enchant armour {unknown}
Potions
 c - a potion of ambrosia
 f - a potion of berserk rage {unknown}
 k - a potion of attraction {unknown}
 q - a potion of lignification {unknown}
 t - a potion of curing
 z - a potion of resistance {unknown}


   Skills:
 * Level 4.9 Fighting
 + Level 4.8 Axes
 * Level 0.4 Armour
 + Level 3.1 Dodging
 + Level 0.2 Stealth
 + Level 0.5 Spellcasting
 + Level 0.2 Summonings
 + Level 1.7 Necromancy


You had 3 spell levels left.
You knew the following spells:

 Your Spells              Type           Power      Damage    Failure   Level
a - Necrotise             Necr           12%        1d4       100%        1
b - Summon Small Mammal   Summ           0%         N/A       100%        1

Your spell library contained the following spells:

 Spells                   Type           Power      Damage    Failure   Level
 Apportation              Tloc           0%         N/A       100%        1
 Dazzling Flash           Conj/Hex       0%         N/A       100%        3
 Agony                    Necr           3%         N/A       100%        5
 Alistair's Intoxication  Tmut/Pois      0%         N/A       100%        5
 Silence                  Hex/Air        0%         N/A       100%        5


Dungeon Overview and Level Annotations

Branches:
Dungeon (4/15)
 Temple: D:4-7

Altars:
Gozag
Nemelex Xobeh
Ru
Vehumet

Shops:
D:2 *


Message History

You throw a poisoned dart. The poisoned dart hits the ogre.
The ogre is poisoned.
You throw a poisoned dart.
The poisoned dart completely misses the ogre.
You throw a poisoned dart. The poisoned dart hits the ogre.
The ogre is lightly wounded.
You throw a poisoned dart.
The poisoned dart completely misses the ogre.
The ogre hits you with a +0 giant club!
Okay, then.
Okay, then.
You barely miss the ogre.
The ogre is lightly wounded.
The ogre looks more healthy.
The ogre hits you with a +0 giant club!
You hit the ogre.
The ogre is moderately wounded.
You hit the ogre.
The ogre is heavily wounded.
The ogre barely misses you.
You hit the ogre but do no damage.
The ogre is heavily wounded.
The ogre hits you with a +0 giant club!
* * * LOW HITPOINT WARNING * * *
You feel better.
You hit the ogre but do no damage.
The ogre is heavily wounded.
The ogre closely misses you.
You slash the ogre!
The ogre is almost dead.
The ogre barely misses you.
You hit the ogre.
The ogre is almost dead.
You barely miss the ogre.
The ogre is almost dead.
The ogre hits you with a +0 giant club!
* * * LOW HITPOINT WARNING * * *
You hit the ogre but do no damage.
The ogre is almost dead.
The ogre hits you with a +0 giant club!!
You die...

)...........#.###......>#
######.###.##.# #.......# ##
#.# ####.###.......# .# #.#
#...)....##.#### .# #.#
########........<..
.#####<###...####...<.......
..........(.................
.#####.###...####.#.#######.
.# #.# ##### #@O.(# .# #.#
#..(.# .#####.# #...(#
.......# ....#.. .#######
....###... ## ..... .##
#.#... # #.#....


You could see an ogre.

Vanquished Creatures
  A scorpion (D:4)
  2 adders
  A worm (D:3)
  A dart slug (D:4)
  2 orcs (D:4)
  6 ball pythons
  5 bats
  6 endoplasms
  3 giant cockroaches
  12 goblins
  4 hobgoblins
  4 jackals (D:2)
  5 quokkas
  5 frilled lizards
  6 kobolds
  8 rats
71 creatures vanquished.

Vanquished Creatures (collateral kills)
  An endoplasm (D:1)
1 creature vanquished.

Grand Total: 72 creatures vanquished

Notes
Turn   | Place    | Note
-------+----------+-------------------------------------------
     0 | D:1      | Hajna the Hill Orc Monk began the quest for the Orb.
     0 | D:1      | Reached XP level 1. HP: 19/19 MP: 1/1
    88 | D:1      | You fall into a shaft and drop 1 floor!
   122 | D:2      | Found Ifrio's General Store.
   134 | D:2      | Found a sparkling altar of Nemelex Xobeh.
   140 | D:2      | Reached XP level 2. HP: 22/27 MP: 2/2
   310 | D:2      | Bought a potion of curing for 36 gold pieces
   416 | D:2      | Reached XP level 3. HP: 5/33 MP: 3/3
   618 | D:2      | Learned a level 1 spell: Necrotise
   620 | D:2      | Learned a level 1 spell: Summon Small Mammal
  1596 | D:1      | Reached XP level 4. HP: 38/40 MP: 4/4
  2503 | D:3      | Found a sacrificial altar of Ru.
  2545 | D:3      | Found a radiant altar of Vehumet.
  2575 | D:3      | Found an opulent altar of Gozag.
  3117 | D:4      | Noticed a scorpion
  3134 | D:4      | Killed a scorpion
  3135 | D:4      | Reached skill level 1 in Necromancy
  3135 | D:4      | Reached XP level 5. HP: 18/47 MP: 5/5
  3372 | D:4      | Noticed an ogre
  3386 | D:4      | Demolished by an ogre

Illustrated notes

Levels and vault maps discovered:
D:1:      enne_arrival_octagon_isle, layout_loops_ring,
          minmay_misc_feat_diagonals, chequers_serial_rivers_large_a
D:2:      layout_basic, serial_shops, nicolae_lakefront_shop, basic_altar
D:3:      layout_loops_ring, nicolae_ru_awakened_eye,
          mainiacjoe_overflow_two_lobes
D:4:      layout_loops_ring

Skill      XL: |  1  2  3  4 |
---------------+-------------+-----
Fighting       | 4 |  4.9
Dodging        | 3 |  3.1
Necromancy     | 1 |  1.7
Axes           | |  4.8
Armour         | |  0.4
Stealth        | |  0.2
Spellcasting   | |  0.5
Summonings     | |  0.2

Action                     |  1- 3 |  4- 6 || total
---------------------------+-------+-------++-------
  Melee: Hand axe          |   116 |    85 ||   201
  Throw: Dart              |       |     8 ||     8
   Cast: Necrotise         |    16 |     4 ||    20
         Summon Small Mamm |     3 |       ||     3
    Use: Potion            |     4 |     1 ||     5
         Scroll            |     1 |     2 ||     3
 Armour: Robe              |    38 |     1 ||    39
         Plate armour      |       |    42 ||    42
  Dodge: Dodged            |   108 |    26 ||   134

Table legend: (Time is in decaauts)
 A = Elapsed time spent in this place.
 B = Non-inter-level travel time spent in this place.
 C = Inter-level travel time spent in this place.
 D = Time resting spent in this place.
 E = Time spent auto-exploring this place.
 F = Levels seen in this place.
 G = Mean time per level.
                   A        B        C        D        E       F      G
               +--------+--------+--------+--------+--------+-----+--------+
         Total |   3414 |   3279 |    135 |      0 |   2693 |   4 |  853.5 |
       Dungeon |   3414 |   3279 |    135 |      0 |   2693 |   4 |  853.5 |
               +--------+--------+--------+--------+--------+-----+--------+

Top non-repeatable levels by time:
     D:1: 1227 daAuts
     D:2: 856 daAuts
     D:3: 762 daAuts
     D:4: 568 daAuts
